 Dungeon Crawl Stone Soup version 0.21-a0-154-gb5400c9 (webtiles) character file.

1194 terra52 the Slasher (level 8, -20/62 HPs)
             Began as a Formicid Skald on Aug 2, 2017.
             Demolished by an ogre
             ... wielding a +0 giant spiked club
              (24 damage)
             ... on level 6 of the Dungeon.
             The game lasted 00:16:09 (6186 turns).

terra52 the Slasher (Formicid Skald)                Turns: 6186, Time: 00:16:10

Health: -20/62     AC:  8    Str: 18    XL:     8   Next: 71%
Magic:  7/14       EV: 11    Int: 16    God:
Gold:   320        SH:  0    Dex: 12    Spells: 9/15 levels left

rFire    . . .     SeeInvis +   H - +0 long sword (curse)
rCold    . . .     Gourm    .   (no shield)
rNeg     . . .     Faith    .   q - +0 ring mail
rPois    .         Spirit   .   (helmet unavailable)
rElec    .         Reflect  .   y - +0 cloak
rCorr    .         Harm     +   (no gloves)
MR       .....                  n - +0 pair of boots
Stlth    +.........             A - amulet of harm
HPRegen  0.20/turn              i - +2 ring of dexterity
MPRegen  0.14/turn              k - +5 ring of intelligence

@: infused, singing, drained
A: permanent stasis, dig shafts and tunnels, four strong arms, antennae 3, claws
1, dopey 1
a: Dig, Shaft Self


You were on level 6 of the Dungeon.
You were very hungry.

You visited 1 branch of the dungeon, and saw 6 of its levels.
You also visited: Ossuary.

You collected 320 gold pieces.

Inventory:

Hand Weapons
 a - a +0 falchion
 t - a +0 long sword
 H - a cursed +0 long sword (weapon)
Missiles
 B - 49 bolts
 M - 3 tomahawks (quivered)
Armour
 b - a +0 leather armour
 g - a +0 chain mail
 n - a +0 pair of boots (worn)
 q - a +0 ring mail (worn)
 y - a +0 cloak (worn)
 D - a +0 plate armour
Jewellery
 i - a +2 ring of dexterity (left claw)
 k - a +5 ring of intelligence (right claw)
 A - an amulet of harm (around neck)
 C - an uncursed ring of protection from magic
Scrolls
 e - 6 scrolls of remove curse
 l - a scroll of amnesia
 r - 3 scrolls of identify
 s - 2 scrolls of enchant armour {unknown}
 u - a scroll of enchant weapon {unknown}
 F - a scroll of noise {unknown}
 G - 2 scrolls of fog {unknown}
 L - a scroll of magic mapping {unknown}
Potions
 f - 3 potions of curing
 h - 3 potions of might {unknown}
 j - 3 potions of brilliance
 m - 2 potions of ambrosia {unknown}
 o - a potion of degeneration {unknown}
 p - 3 potions of mutation {unknown}
 v - a potion of invisibility {unknown}
 w - a potion of lignification {unknown}
 x - a potion of magic {unknown}
 E - a potion of berserk rage {unknown}
 J - a potion of flight {unknown}
 K - a potion of haste {unknown}
Books
 c - a book of Battle

   Spells                             Type                      Level
   a - Infusion                       Charms                       1
   b - Shroud of Golubria             Charms/Translocation         2
   c - Song of Slaying                Charms                       2
   d - Spectral Weapon                Hexes/Charms                 3
   e - Regeneration                   Charms/Necromancy            3
Comestibles
 d - 5 bread rations
 z - 2 royal jellies


   Skills:
 * Level 5.0(4.4) Fighting
 + Level 5.2(4.6) Long Blades
 * Level 4.8(4.1) Armour
 + Level 2.6(2.0) Dodging
 + Level 1.0(0.4) Stealth
 + Level 4.4(3.8) Spellcasting
 + Level 4.4(3.8) Charms
 + Level 0.6(0.0) Necromancy


You had 9 spell levels left.
You knew the following spells:

 Your Spells              Type           Power        Failure   Level  Hunger
a - Infusion              Chrm           ###.         6%          1    None
b - Song of Slaying       Chrm           ###.....     9%          2    ##.....
c - Regeneration          Chrm/Necr      #.........   36%         3    ###....


Dungeon Overview and Level Annotations

Branches:
Dungeon (6/15)
 Temple: D:4-7

Altars:
Cheibriados
Elyvilon
Qazlal
Ru
Yredelemnul

Shops:
D:6 [


Innate Abilities, Weirdness & Mutations

You cannot be hasted, slowed, berserked, paralysed or teleported.
You can dig through walls and to a lower floor.
Your four strong arms can wield two-handed weapons with a shield.
You have a pair of large antennae on your head. (SInv)
You have sharp fingernails.
You are dopey. (Int -2)


Message History

You barely miss the ogre.
The ogre is lightly wounded.
The ogre hits you with a giant spiked club!
You hit the ogre!
The ogre is heavily wounded.
You barely miss the ogre.
The ogre is heavily wounded.
The ogre barely misses you.
You hit the ogre.
The ogre is heavily wounded.
The ogre hits you with a giant spiked club!
You hit the ogre.
The ogre is severely wounded.
The ogre hits you with a giant spiked club!!
* * * LOW HITPOINT WARNING * * *
A bullfrog skeleton comes into view.
You hit the ogre!
The ogre is almost dead.
The ogre hits you with a giant spiked club!!
You die...

## <## ######### ..#####
#.....@.# ......#
##.#####O#
..###.####...####.#
.###.(..........#Z#
?####.####...#...........
...#### ##.###.#.#..O..#
.#.# #.......##...## #..#
#.### ### #.## .#.# #+#
...


You could see an ogre and a bullfrog skeleton.

Vanquished Creatures
  A sky beast (D:5)
  A phantom (D:6)
  Blork the orc (D:4)
  A bullfrog (D:6)
  A wyvern zombie (D:6)
  3 wights (D:6)
  A centaur zombie (D:6)
  2 crimson imps (D:6)
  3 hounds
  A bullfrog skeleton (D:5)
  An orc priest (D:6)
  2 orc wizards
  2 iguanas (D:6)
  A worker ant (D:5)
  A killer bee zombie (D:6)
  11 mummies (Ossuary)
  2 adders
  3 gnolls (D:4)
  A howler monkey skeleton (D:6)
  3 oozes
  2 worms
  3 dart slugs
  A leopard gecko (D:6)
  8 orcs
  2 ball pythons
  5 giant cockroaches
  7 goblins
  5 hobgoblins
  3 jackals (D:6)
  12 kobolds
  2 quokkas
  3 bats (D:1)
  5 frilled lizards
  A gnoll skeleton (Ossuary)
  2 goblin skeletons (Ossuary)
  2 kobold skeletons (Ossuary)
  3 orc skeletons (Ossuary)
  A quokka zombie (D:5)
  9 rats
  11 rat skeletons (Ossuary)
129 creatures vanquished.

Notes
Turn   | Place    | Note
-------+----------+-------------------------------------------
     0 | D:1      | terra52 the Formicid Skald began the quest for the Orb.
     0 | D:1      | Reached XP level 1. HP: 16/16 MP: 3/3
     2 | D:1      | Noticed a ghoul
     4 | D:1      | Noticed an octopode
     4 | D:1      | Noticed a halfling
     8 | D:1      | Noticed an ogre
     8 | D:1      | Noticed a tengu
    20 | D:1      | Noticed a vine stalker
    22 | D:1      | Noticed a dwarf
    22 | D:1      | Noticed a minotaur
    24 | D:1      | Noticed a draconian
    24 | D:1      | Noticed a demonspawn
    26 | D:1      | Noticed a merfolk
    26 | D:1      | Noticed a spriggan
    28 | D:1      | Noticed a human
    28 | D:1      | Noticed a vampire
    30 | D:1      | Noticed an elf
    30 | D:1      | Noticed a felid
    32 | D:1      | Noticed a troll
    32 | D:1      | Noticed a gargoyle
    34 | D:1      | Noticed a formicid
    34 | D:1      | Noticed a centaur
    36 | D:1      | Noticed a demigod
    36 | D:1      | Noticed a naga
   103 | D:1      | Reached XP level 2. HP: 20/23 MP: 0/5
   361 | D:1      | Reached XP level 3. HP: 20/28 MP: 2/6
   575 | D:2      | Learned a level 2 spell: Song of Slaying
   579 | D:2      | Learned a level 3 spell: Regeneration
  1266 | D:3      | Reached XP level 4. HP: 34/34 MP: 6/8
  1452 | D:3      | Reached XP level 5. HP: 29/40 MP: 2/9
  2064 | D:4      | Noticed Blork the orc
  2071 | D:4      | Killed Blork the orc
  2071 | D:4      | Reached XP level 6. HP: 47/47 MP: 2/10
  2187 | D:4      | Found a sand-covered staircase.
  2192 | Ossuary  | Entered an ossuary
  3172 | D:4      | Reached skill level 1 in Stealth
  3172 | D:4      | Reached XP level 7. HP: 45/53 MP: 6/12
  3488 | D:4      | Found a basalt altar of Yredelemnul.
  3979 | D:4      | Found a white marble altar of Elyvilon.
  4036 | D:5      | Entered Level 5 of the Dungeon
  4049 | D:5      | Gained mutation: You have sharp fingernails. [mutagenic meat]
  4050 | D:5      | Gained mutation: You are dopey. (Int -2) [mutagenic meat]
  4157 | D:5      | Found a stormy altar of Qazlal.
  4675 | D:5      | Found a sacrificial altar of Ru.
  4675 | D:5      | Found a snail-covered altar of Cheibriados.
  4946 | D:6      | Reached XP level 8. HP: 6/61 MP: 0/14
  5396 | D:6      | Reached skill level 5 in Long Blades
  5766 | D:6      | Reached skill level 5 in Fighting
  5877 | D:6      | Found Ihumem's Antique Armour Shoppe.
  6185 | D:6      | HP: 3/62 [ogre/giant spiked club (28)]
  6186 | D:6      | Demolished by an ogre

Vault maps used:
D:1:      kb_arrival_jail
D:2:      serial_forest, infiniplex_forest_zigzag_1,
          infiniplex_forest_straight_4, infiniplex_forest_clump_curved,
          infiniplex_forest_lined_room_2, first_bread, grunt_decor_cap,
          minmay_goblin_kobold_house
D:3:      minmay_ruptured
D:4:      kennysheep_ying_yang, nicolae_ossuary_entry_false_entrances,
          uniq_blork_the_orc
D:5:      kennysheep_little_box, gammafunk_temple_overflow_wave
D:6:      kennysheep_mini, serial_shops, shop
Ossuary:  ossuary_due_small_catacomb

Skill      XL: |  1  2  3  4  5  6  7  8 |
---------------+-------------------------+-----
Armour         | 2 3 4 |  4.8
Spellcasting   | 3 4 |  4.4
Fighting       | 3 4 5 |  5.0
Long Blades    | 3 4 5 |  5.2
Dodging        | 2 |  2.6
Stealth        | 1 |  1.0
Charms         | 4 |  4.4
Necromancy     | |  0.6

Action                   |  1- 3 |  4- 6 |  7- 9 || total
-------------------------+-------+-------+-------++-------
Melee: Falchion          |    88 |       |       ||    88
       Long sword        |     1 |   115 |   153 ||   269
Throw: Tomahawk          |       |       |     1 ||     1
 Cast: Infusion          |    14 |    17 |    19 ||    50
       Song of Slaying   |     2 |     6 |     6 ||    14
       Regeneration      |       |     1 |     6 ||     7
 Abil: Dig               |     2 |     3 |       ||     5
  Use: Scroll            |       |     7 |       ||     7
       Potion            |       |     1 |       ||     1
  Eat: Chunk             |     1 |     4 |     6 ||    11
       Royal jelly       |       |     1 |       ||     1
       Fruit             |       |       |     2 ||     2
       Meat ration       |       |       |     1 ||     1
Armor: Leather armour    |    19 |       |       ||    19
       Ring mail         |     7 |    26 |    55 ||    88
Dodge: Dodged            |    60 |    40 |    98 ||   198
       Rpst.: Falchion   |    18 |       |       ||    18
       Long sword        |       |    16 |    32 ||    48
